 Dungeon Crawl Stone Soup version 0.24.0-13-gcf9b319 (webtiles) character file.

Game seed: 2349175165703405310, levelgen mode: deterministic

586 Fortress the Conjurer (level 7, 0/50 HPs)
             Began as a Red Draconian Conjurer on Jan 12, 2020.
             Slain by Pikel
             ... wielding a +1 whip of flaming
              (3 damage)
             ... on level 5 of the Dungeon.
             The game lasted 00:20:52 (5103 turns).

Fortress the Conjurer (Red Draconian Conjurer)      Turns: 5103, Time: 00:20:53

Health: 0/50       AC:  9    Str: 11    XL:     7   Next: 15%
Magic:  1/14       EV: 12    Int: 17    God:
Gold:   186        SH:  0    Dex: 14    Spells: 12/15 levels left

rFire    + . .     SeeInvis .   w - +2 dagger (venom)
rCold    . . .     Gourm    .   (no shield)
rNeg     + . .     Faith    .   (armour unavailable)
rPois    +         Spirit   .   (helmet restricted)
rElec    .         Reflect  .   u - +2 cloak {rPois}
rCorr    .         Harm     .   (no gloves)
MR       .....                  (no boots)
Stlth    ++........             (no amulet)
HPRegen  0.16/turn              a - ring of positive energy
MPRegen  0.14/turn              g - +3 ring of dexterity

@: no status effects
A: breathe fire, unfitting armour, fire resistance 1, cold-blooded, AC +6
a: Breathe Fire


You were on level 5 of the Dungeon.
You were hungry.

You visited 1 branch of the dungeon, and saw 6 of its levels.

You collected 186 gold pieces.

Inventory:

Hand Weapons
 m - a +1 hand axe of chopping
 o - a +1 hand axe of freezing
 t - a +3 quarterstaff of chaos
 w - a +2 dagger of venom (weapon)
Armour
 u - a +2 cloak of poison resistance (worn)
 y - a scarf of resistance
Jewellery
 a - a ring of positive energy (left hand)
 g - a +3 ring of dexterity (right hand)
Wands
 r - a wand of flame (20)
 v - a wand of iceblast (4)
Scrolls
 c - 2 scrolls of fog {unknown}
 e - 3 scrolls of noise {unknown}
 f - a scroll of remove curse {unknown}
 i - a scroll of fear {unknown}
 l - 4 scrolls of identify {unknown}
 q - a scroll of teleportation {unknown}
 s - 2 scrolls of enchant weapon {unknown}
Potions
 d - a potion of agility {unknown}
 h - a potion of curing
 j - a potion of mutation {unknown}
 k - a potion of flight {unknown}
 n - 2 potions of resistance {unknown}
 p - a potion of haste {unknown}
 x - 2 potions of heal wounds {unknown}
Comestibles
 b - 5 rations


   Skills:
 - Level 1.0 Axes
 - Level 2.0 Dodging
 - Level 2.0 Stealth
 + Level 4.8 Spellcasting
 + Level 6.9 Conjurations


You had 12 spell levels left.
You knew the following spells:

 Your Spells              Type           Power        Failure   Level  Hunger
a - Magic Dart            Conj           ####         1%          1    None
b - Searing Ray           Conj           ####..       1%          2    #......

Your spell library contained the following spells:

 Spells                   Type           Power        Failure   Level  Hunger
 Iskenderun's Mystic Bla  Conj           ####....     9%          4    ####...
 Dazzling Spray           Conj/Hex       ###...       11%         3    ###....
 Force Lance              Conj/Tloc      ###.....     34%         4    ####...
 Fulminant Prism          Conj/Hex       ###.......   34%         4    ####...


Dungeon Overview and Level Annotations

Branches:
Dungeon (6/15)
 Temple: D:4-7

Altars:
Hepliaklqana
Nemelex Xobeh
Okawaru
Trog

Annotations:
D:5 Pikel
D:6 exclusion: ice beast


Innate Abilities, Weirdness & Mutations

You can breathe blasts of fire.
Your fiery red scales are hard. (AC +6)
You cannot fit into any form of body armour.
Your flesh is heat resistant. (rF+)
You are cold-blooded and may be slowed by cold attacks.


Message History

The slave barely misses you. The slave hits you but does no damage.
Pikel hits you with a +1 whip of flaming.
* * * LOW HITPOINT WARNING * * *
You closely miss Pikel.
Pikel is severely wounded.
The slave closely misses you. The slave hits you.
* * * LOW HITPOINT WARNING * * *
Pikel barely misses you.
It was a potion of curing.
You feel better. The slave hits you!
* * * LOW HITPOINT WARNING * * *
The slave hits you but does no damage. Pikel completely misses you.
Okay, then.
You hit Pikel but do no damage.
Pikel looks even sicker.
Pikel is severely wounded.
The slave barely misses you. x2; Pikel hits you but does no damage.
You barely miss Pikel.
Pikel is almost dead.
The slave hits you but does no damage. x2
Pikel hits you with a +1 whip of flaming.
You die...

#........
.#######........
................
............a...
........#.....p.
........##...p.K
.......p# #.....
...###pK# #...# .#
.. #..p@+ #.## ..# .
#....# +# ..#
+....## ##..#
#...#.## ##...#
#...#..## ##....+
##...#...## ##.....#
#....#....#+#......#
#....#>....+..#....#
#....#........#....#


You could see Pikel and 3 slaves.

Vanquished Creatures
  Sigmund (D:3)
  A slave (D:5)
  A scorpion (D:6)
  A wight (D:6)
  Crazy Yiuf (D:3)
  2 iguanas (D:6)
  Ijyb (D:3)
  An orc wizard (D:3)
  2 worker ants (D:5)
  7 adders
  4 worms (D:3)
  2 dart slugs
  A leopard gecko (D:3)
  8 orcs
  A giant cockroach (D:2)
  11 goblins
  8 hobgoblins
  3 jackals (D:2)
  A quokka (D:2)
  7 bats
  9 frilled lizards
  10 kobolds
  10 rats
93 creatures vanquished.

Notes
Turn   | Place    | Note
-------+----------+-------------------------------------------
     0 | D:1      | Fortress the Draconian Conjurer began the quest for the
                  | Orb.
     0 | D:1      | Reached XP level 1. HP: 14/14 MP: 3/3
   339 | D:1      | Reached XP level 2. HP: 20/20 MP: 0/5
   910 | D:2      | Reached XP level 3. HP: 22/26 MP: 2/6
  1128 | D:2      | Found a hazy altar of Hepliaklqana.
  1355 | D:2      | Reached skill level 5 in Conjurations
  2137 | D:3      | Reached XP level 4. HP: 33/33 MP: 5/7
  2219 | D:3      | Found an iron altar of Okawaru.
  2332 | D:3      | Noticed Ijyb
  2345 | D:3      | Killed Ijyb
  2529 | D:3      | Noticed Sigmund
  2917 | D:3      | Learned a level 2 spell: Searing Ray
  2925 | D:3      | Killed Sigmund
  2925 | D:3      | Reached skill level 6 in Conjurations
  2925 | D:3      | Reached XP level 5. HP: 23/38 MP: 0/10
  2925 | D:3      | Reached XP level 6. HP: 27/45 MP: 0/11
  3160 | D:3      | Found a sparkling altar of Nemelex Xobeh.
  3699 | D:3      | Found a runed translucent door.
  3700 | D:3      | Noticed Crazy Yiuf
  3712 | D:3      | Killed Crazy Yiuf
  4054 | D:3      | Noticed a moth of wrath
  4056 | D:3      | Found a bloodstained altar of Trog.
  4618 | D:4      | You fall into a shaft and drop 2 floors!
  4624 | D:6      | Reached skill level 1 in Axes
  4678 | D:6      | Noticed an ice beast
  4865 | D:6      | Your scales start taking on a fiery red colour.
  4865 | D:6      | Reached XP level 7. HP: 50/50 MP: 8/13
  4865 | D:6      | Gained mutation: Your flesh is heat resistant. (rF+) [Red
                  | Draconian growth]
  4959 | D:5      | Entered Level 5 of the Dungeon
  5072 | D:5      | Noticed Pikel
  5103 | D:5      | Slain by Pikel

Levels and vault maps discovered:
D:1:      dpeg_arrival_arbitrary_b, layout_rooms, serial_bayou_lagoon_b
D:2:      layout_basic, lemuel_crystal_altar, first_ration, lemuel_flame_loot_1
D:3:      minmay_chambers_of_twos, layout_basic, nicolae_overflow_crystal_walls,
          okawaru_ov_weapons_minmay, tgw_trog, uniq_sigmund,
          uniq_crazy_yiuf_cottage, uniq_ijyb
D:4:      layout_basic, lemuel_crystal_altar, elyvilon_altar_4, led_sif_pool
D:5:      layout_gridville, cheibrodos_worm_habitat, minmay_shop_damaged,
          dk_vineyard_1, grunt_decor_arrowhead, kennysheep_potato, uniq_pikel
D:6:      layout_basic, minmay_temple_entry_from_below_a, corexii_checkpoint_a,
          minmay_bent

Skill      XL: |  1  2  3  4  5  6 |
---------------+-------------------+-----
Dodging        | 2 |  2.0
Stealth        | 2 |  2.0
Conjurations   | 5 6 |  6.9
Spellcasting   | 3 4 |  4.8
Axes           | 1 |  1.0

Action                   |  1- 3 |  4- 6 |  7- 9 || total
-------------------------+-------+-------+-------++-------
Melee: Unarmed           |    39 |       |       ||    39
       Tailslap          |     8 |    13 |     1 ||    22
       Hand axe          |     8 |    39 |       ||    47
       Dagger            |       |    19 |    10 ||    29
 Cast: Magic Dart        |    63 |    86 |    10 ||   159
       Searing Ray       |       |     8 |     3 ||    11
  Use: Potion            |       |       |     1 ||     1
 Stab: Sleeping          |     2 |     3 |       ||     5
  Eat: Chunk             |     4 |     6 |       ||    10
       Ration            |       |     1 |       ||     1
Armor: Skin              |    18 |    28 |    11 ||    57
Dodge: Dodged            |    34 |    61 |    24 ||   119
